 Dungeon Sprint DCSS version 0.30-a0-719-gcc4359ea44 (webtiles) character file.

Game seed: 9364436344511688963

1234 CrazyBamboolord the Protected (level 8, 0/82 HPs)
             Began as a Minotaur Fighter on Jan 26, 2023.
             Was a Believer of Okawaru.
             Slain by Sonja
             ... wielding a +2 dagger of distortion
              (6 damage)
             ... in the Dungeon (Sprint I: "Red Sonja").
             The game lasted 00:03:45 (481 turns).

CrazyBamboolord the Protected (Minotaur Fighter)     Turns: 481, Time: 00:03:46

Health: 0/82       AC: 16    Str: 23    XL:     8   Next: 24%
Magic:  7/7        EV:  8    Int:  5    God:    Okawaru [**....]
Gold:   0          SH:  6    Dex: 10    Spells: 7/7 levels left

rFire   . . .      SeeInvis .    a - +0 flail
rCold   . . .      Faith    .    c - +0 buckler
rNeg    . . .      Spirit   .    k - +3 chain mail {rPois}
rPois   +          Reflect  .    (helmet restricted)
rElec   .          Harm     .    (no cloak)
rCorr   .          Rampage  .    (no gloves)
Will    .....      NoTele   +    (no boots) Stlth
                                 (no amulet)
HPRegen 0.33/turn                (no ring)
MPRegen 0.10/turn                (no ring)

@: hasted, very quick
A: horns 2, retaliatory headbutt
a: Renounce Religion, Heroism


You were in the Dungeon.
You worshipped Okawaru.
Okawaru was pleased with you.
You visited 1 branch You collected 416 gold pieces.
You spent 416 gold pieces at shops.

Inventory:

Hand Weapons
 a - a +0 flail (weapon)
Armour
 c - a +0 buckler (worn)
 k - a +3 chain mail of poison resistance (worn)
Potions
 f - a potion of degeneration {unknown}
 h - 2 potions of magic
 i - a potion of berserk rage
 l - a potion of might
 m - a potion of lignification


   Skills:
 * Level 11.2 Fighting
 * Level 10.2 Maces & Flails
 * Level 14.4 Armour
 * Level 9.2 Shields


You had 7 spell levels left.
You didn't know any spells.
Your spell library was empty.

Dungeon Overview and Level Annotations

Branches:
Dungeon (1/1)

Altars:
Cheibriados
Dithmenos
Elyvilon
Fedhas
Gozag
Hepliaklqana
Kikubaaqudgha
Makhleb
Nemelex Xobeh
Okawaru
Qazlal
Ru
Sif Muna
Trog
Uskayaw
Vehumet
Wu Jian
Xom
Yredelemnul
Zin
The Shining One
Jiyva
Lugonu

Shops:
D !

Annotations:
D Sonja


Innate Abilities, Weirdness & Mutations

You have a pair of horns on your head.
You reflexively headbutt those who attack you in melee.


Message History

You open the door.
Sonja, the Graceful Assassin comes into view.
She is wielding a +2 dagger of distortion and quivering curare-tipped darts.
Sonja shouts!
Sonja casts a spell.
Sonja blinks!
Found 108 gold pieces.
Hit: a) +0 flail
Press: ? - help, Dir - move target, f - Sonja
Aim: Sonja, wielding a +2 dagger of distortion and quivering curare-tipped darts (about 79% to evade your +0 flail)
Okay, then.
Unknown command.
You miss Sonja. You block Sonja's attack. Sonja hits you but does no damage.
Sonja hits you with a +2 dagger of distortion.
You barely miss Sonja. Your headbutt misses Sonja.
Sonja hits you with a +2 dagger of distortion.
You block Sonja's attack. x2
You barely miss Sonja. Your headbutt misses Sonja.
Sonja hits you with a +2 dagger of distortion!
Space warps horribly around you!
Sonja hits you with a +2 dagger of distortion.
Sonja hits you but does no damage. Sonja barely misses you.
Sonja hits you but does no damage. Space warps around you.
Sonja hits you but does no damage. Space warps around you.
You miss Sonja. Your headbutt misses Sonja. You block Sonja's attack.
Sonja hits you but does no damage. x2
You miss Sonja.
Sonja hits you with a +2 dagger of distortion.
Sonja hits you but does no damage. Space warps horribly around you!!
* * * LOW HITPOINT WARNING * * *
Sonja hits you but does no damage.
You feel yourself speed up.
Sonja hits you with a +2 dagger of distortion!
* * * LOW HITPOINT WARNING * * *
You block Sonja's attack.
Sonja hits you with a +2 dagger of distortion.
* * * LOW HITPOINT WARNING * * *
Space warps around you.
* * * LOW HITPOINT WARNING * * *
Sonja hits you but does no damage. Space warps horribly around you.
You die...

##########################
#<.#..)..#..'..#__#..'s..#
#.))..#..').#..'..+..#...#
#..#####'#####'#__####
3.ss #..####..#...#.####
##s #..#__####..##(#
#..#_____##'#_.+
#⌠⌠#_.∩...'K.._#
####_..__##_@#+#
#_____###'# ####### #.#
$.$ $.$ ##.## #+#


You could see Sonja.

Vanquished Creatures
  2 kobold demonologists (D)
  A slime creature (D)
  Sigmund (D)
  A yak (D)
  A floating eye (D)
  An ogre (D)
  A jelly (D)
  Ijyb (D)
9 creatures vanquished.

Notes
Turn   | Place    | Note
-------+----------+-------------------------------------------
     0 | D        | CrazyBamboolord the Minotaur Fighter began the quest for
                  | the Orb.
     0 | D        | Reached XP level 1. HP: 19/19 MP: 0/0
     2 | D        | Noticed Ijyb
    43 | D        | Killed Ijyb
    44 | D        | Reached skill level 5 in Fighting
    44 | D        | Reached skill level 5 in Armour
    44 | D        | Reached XP level 2. HP: 21/29 MP: 1/1
    77 | D        | Noticed an ogre
    82 | D        | Killed an ogre
    83 | D        | Reached skill level 7 in Armour
    83 | D        | Reached XP level 3. HP: 26/38 MP: 2/2
    83 | D        | Reached XP level 4. HP: 31/45 MP: 3/3
   145 | D        | Noticed Sigmund
   158 | D        | Killed Sigmund
   159 | D        | Reached skill level 10 in Armour
   159 | D        | Reached XP level 5. HP: 51/53 MP: 4/4
   176 | D        | Found a shimmering blue altar of Sif Muna.
   177 | D        | Found an ornate altar of the Wu Jian Council.
   178 | D        | Found a radiant altar of Vehumet.
   183 | D        | Reached XP level 6. HP: 62/62 MP: 5/5
   202 | D        | Found Optoafoh's Distillery.
   202 | D        | Found an ancient bone altar of Kikubaaqudgha.
   202 | D        | Found a hazy altar of Hepliaklqana.
   202 | D        | Found a hide-covered altar of Uskayaw.
   202 | D        | Found a basalt altar of Yredelemnul.
   202 | D        | Found an opulent altar of Gozag.
   202 | D        | Found a snail-covered altar of Cheibriados.
   202 | D        | Found a sacrificial altar of Ru.
   202 | D        | Found a shadowy altar of Dithmenos.
   202 | D        | Noticed a yak
   206 | D        | Killed a yak
   207 | D        | Reached skill level 11 in Armour
   207 | D        | Found a stormy altar of Qazlal.
   207 | D        | Found a blossoming altar of Fedhas.
   207 | D        | Found a bloodstained altar of Trog.
   207 | D        | Found an iron altar of Okawaru.
   207 | D        | Found a glowing golden altar of the Shining One.
   207 | D        | Found a glowing silver altar of Zin.
   207 | D        | Found a white marble altar of Elyvilon.
   208 | D        | Found a sparkling altar of Nemelex Xobeh.
   215 | D        | Bought a potion of curing for 39 gold pieces
   215 | D        | Bought a potion of heal wounds for 65 gold pieces
   215 | D        | Bought a potion of curing for 39 gold pieces
   215 | D        | Bought a potion of curing for 39 gold pieces
   215 | D        | Bought a potion of curing for 39 gold pieces
   216 | D        | Became a worshipper of Warmaster Okawaru
   233 | D        | Found a burning altar of Makhleb.
   233 | D        | Found a viscous altar of Jiyva.
   233 | D        | Found a shimmering altar of Xom.
   233 | D        | Found a corrupted altar of Lugonu.
   233 | D        | Noticed a slime creature
   244 | D        | Killed a slime creature
   245 | D        | Reached skill level 12 in Armour
   245 | D        | Reached XP level 7. HP: 66/71 MP: 6/6
   295 | D        | Bought a potion of cancellation for 104 gold pieces
   295 | D        | Bought a potion of might for 52 gold pieces
   295 | D        | Bought a potion of lignification for 39 gold pieces
   311 | D        | Noticed a kobold demonologist
   311 | D        | Noticed a kobold demonologist
   314 | D        | Paralysed by a floating eye for 3 turns
   316 | D        | Noticed a neqoxec
   319 | D        | Noticed a rust devil
   324 | D        | Reached skill level 10 in Fighting
   324 | D        | Reached skill level 13 in Armour
   335 | D        | Noticed a sixfirhy
   335 | D        | Noticed an orange demon
   336 | D        | Noticed an ice devil
   362 | D        | Killed a kobold demonologist
   362 | D        | Reached * piety under Okawaru
   365 | D        | Killed a kobold demonologist
   365 | D        | Reached ** piety under Okawaru
   366 | D        | Reached skill level 10 in Maces & Flails
   366 | D        | Reached skill level 14 in Armour
   366 | D        | Reached XP level 8. HP: 55/82 MP: 7/7
   463 | D        | Noticed a demonic crawler
   463 | D        | Noticed a demonic crawler
   463 | D        | Noticed a demonic crawler
   475 | D        | Noticed Sonja
   481 | D        | Slain by Sonja

Illustrated notes

Levels and vault maps discovered:
D:        dungeon_sprint_1 [red_sonja_temple_1, red_sonja_temple_small_1]

Skill      XL: |  1  2  3  4  5  6  7 |
---------------+----------------------+-----
Fighting       | 5 6 8 9 11 | 11.2
Maces & Flails | 3 4 6 7 10 | 10.2
Armour         | 5 7 10 12 14 | 14.4
Shields        | 4 6 7 8 9 |  9.2

Action                     |  1- 3 |  4- 6 |  7- 9 || total
---------------------------+-------+-------+-------++-------
  Melee: Flail             |    20 |    25 |    35 ||    80
         Headbutt          |     2 |     5 |     4 ||    11
    Use: Potion            |     2 |       |     8 ||    10
         Scroll            |       |       |     1 ||     1
 Armour: Scale mail        |     8 |       |       ||     8
         Chain mail        |       |    10 |    36 ||    46
  Dodge: Dodged            |     8 |     7 |    14 ||    29
  Block: Buckler           |       |     3 |    16 ||    19

Table legend: (Time is in decaauts)
 A = Elapsed time spent in this place.
 B = Non-inter-level travel time spent in this place.
 C = Inter-level travel time spent in this place.
 D = Time resting spent in this place.
 E = Time spent auto-exploring this place.
 F = Levels seen in this place.
 G = Mean time per level.
                   A        B        C        D        E       F      G
               +--------+--------+--------+--------+--------+-----+--------+
         Total |    490 |    423 |     67 |    169 |      0 |   1 |  490.0 |
       Dungeon |    490 |    423 |     67 |    169 |      0 |   1 |  490.0 |
               +--------+--------+--------+--------+--------+-----+--------+

Top non-repeatable levels by time:
       D: 490 daAuts
